 Dungeon Crawl Stone Soup version 0.29-a0-721-g7f417c9bbb (webtiles) character file.

Game seed: 10628170139729319445

23 lunkers the Trooper (level 3, -3/33 HPs)
             Began as a Meteoran Abyssal Knight on June 27, 2022.
             Was a Believer of Lugonu.
             Killed by divine providence
             ... invoked by an orc priest
              (12 damage)
             ... on level 3 of the Dungeon.
             The game lasted 00:02:48 (432 turns).

lunkers the Trooper (Meteoran Abyssal Knight)        Turns: 432, Time: 00:02:49

Health: -3/33      AC: 12    Str: 17    XL:     3   Next: 29%
Magic:  5/5        EV: 11    Int: 18    God:    Lugonu [**....]
Gold:   37         SH:  0    Dex: 14    Spells: 2/2 levels left

rFire   + . .      SeeInvis .   a - +2 hand axe
rCold   . . .      Faith    .   (no shield)
rNeg    . . .      Spirit   .   i - +6 ring mail of Too Many Cooks {rF+ Int+7}
rPois   .          Reflect  .   (no helmet)
rElec   .          Harm     .   (no cloak)
rCorr   .          Rampage  .   (no gloves)
Will    .....                   e - +0 pair of boots
Stlth   +.........              (no amulet)
HPRegen 0.11/turn               (no ring)
MPRegen 0.09/turn               (no ring)

@: glowing
A: sense surroundings 1, otherworldly, glowing, explore regen
a: Renounce Religion, Depart the Abyss, Bend Space


You were on level 3 of the Dungeon.
You worshipped Lugonu.
Lugonu was pleased with you.
You visited 1 branch of the dungeon, and saw 3 of its levels.
You visited the Abyss 1 time.

You collected 37 gold pieces.

Inventory:

Hand Weapons
 a - a +2 hand axe (weapon)
Armour
 e - a +0 pair of boots (worn)
 i - the +6 ring mail of Too Many Cooks (worn) {rF+ Int+7}
   (You found it on level 2 of the Dungeon)

   Int:       It affects your intelligence (+7).
   rF:        It protects you from fire.
Potions
 c - a potion of ambrosia {unknown}
 f - a potion of curing {unknown}


   Skills:
 + Level 3.6 Fighting
 * Level 3.6 Axes
 - Level 2.4 Armour
 - Level 1.2 Dodging
 + Level 2.4 Invocations


You had 2 spell levels left.
You didn't know any spells.
Your spell library contained the following spells:

 Spells                   Type           Power      Damage    Failure   Level
 Sublimation of Blood     Necr           0%         N/A       52%         2
 Wereblood                Tmut           0%         N/A       52%         2
 Summon Hydra             Summ           0%         N/A       100%        7


Dungeon Overview and Level Annotations

Branches:
Dungeon (3/15) Zot: 1361

Altars:


Innate Abilities, Weirdness & Mutations

You passively map a small area around you.
You are easily found by Zot.
You glow in the dark.
You regain HP and MP as you explore.


Message History

You hit the bat. The bat hits you but does no damage.
The bat hits you but does no damage.
You closely miss the bat.
The bat is moderately wounded.
The bat hits you but does no damage.
You slash the bat!
You kill the bat!
Lugonu accepts your kill.
No target in view!
No target in view!
No target in view!
No target in view!
No target in view!
No target in view!
No target in view!
No target in view!
No target in view!
No target in view!
No target in view!
No target in view!
No target in view!
An orc priest comes into view. It is wielding a +0 trident.
The orc priest shouts!
An orc priest comes into view. It is wielding a +0 flail.
The orc priest invokes the aid of Beogh against you.
Beogh smites you!
A rat comes into view.
You hear a shout!
The orc priest shouts!
You hear a shout!
Found an escape hatch in the floor.
An orc comes into view. It is wielding a +0 short sword.
A ball python comes into view.
The ball python moves out of view.
You see here an amethyst potion.
The orc priest calls down the wrath of Beogh upon you.
Beogh smites you!
Ouch! That really hurt!
* * * LOW HITPOINT WARNING * * *
The orc priest invokes the aid of Beogh against you.
Beogh smites you!
You die...

##........#.#.# *
............#.# ,
#...........#.#
#......o....#.#
#.>....o....#.##
*#........or....#
#......!...†...#
+
#..............#
,..##.........@<#
*#.##........# #.
########## # * ,
* , * * * ,


You could see 2 orc priests, an orc and a rat.

Vanquished Creatures
  4 endoplasms
  2 goblins (D:1)
  5 hobgoblins
  2 kobolds (D:1)
  2 quokkas
  3 bats
  A frilled lizard (D:1)
  A rat (D:1)
20 creatures vanquished.

Notes
Turn   | Place    | Note
-------+----------+-------------------------------------------
     0 | Abyss:1  | lunkers the Meteoran Abyssal Knight began the quest for the
                  | Orb.
     0 | Abyss:1  | Reached XP level 1. HP: 19/19 MP: 3/3
     1 | D:1      | Escaped the Abyss
   143 | D:1      | Reached XP level 2. HP: 15/26 MP: 4/4
   171 | D:1      | HP: 1/26 [poisoned by a goblin]
   203 | D:1      | Reached XP level 3. HP: 9/31 MP: 5/5
   370 | D:2      | Identified the +6 ring mail of Too Many Cooks {rF+ Int+7}
   432 | D:3      | Killed from afar by an orc priest

Illustrated notes

Levels and vault maps discovered:
D:1:      wander_arrival_fairy_ring, layout_basic,
          chequers_ecumenical_altar_simple, minmay_heptomino_d4
D:2:      layout_basic, serial_forest, infiniplex_forest_lined_1,
          infiniplex_forest_straight_2, infiniplex_forest_clump_diagonal,
          infiniplex_forest_clump_small, infiniplex_forest_straight_5,
          infiniplex_forest_clump_small, infiniplex_forest_lined_3,
          infiniplex_forest_end_2, infiniplex_forest_straight_3,
          minmay_misc_feat_square, minmay_misc_feat_pillars
D:3:      layout_basic

Skill      XL: |  1  2 |
---------------+-------+-----
Axes           | 3 |  3.6
Fighting       | |  3.6
Armour         | |  2.4
Dodging        | |  1.2
Invocations    | |  2.4

Action                   || total
-------------------------++-------
Melee: Hand axe          ||    50
  Use: Scroll            ||     2
Armor: Leather armour    ||    14
       Ring mail         ||     4
       Scale mail        ||     3
Dodge: Dodged            ||    15

Table legend: (Time is in decaauts)
 A = Elapsed time spent in this place.
 B = Non-inter-level travel time spent in this place.
 C = Inter-level travel time spent in this place.
 D = Time resting spent in this place.
 E = Time spent auto-exploring this place.
 F = Levels seen in this place.
 G = Mean time per level.
                   A        B        C        D        E       F      G
               +--------+--------+--------+--------+--------+-----+--------+
         Total |    438 |    407 |     31 |      0 |    109 |   4 |  109.5 |
       Dungeon |    437 |    406 |     31 |      0 |    109 |   3 |  145.7 |
         Abyss |      1 |      1 |      0 |      0 |      0 |   1 |    1.0 |
               +--------+--------+--------+--------+--------+-----+--------+

Top non-repeatable levels by time:
     D:1: 294 daAuts
     D:2: 125 daAuts
     D:3: 18 daAuts
 Abyss:1: 1 daAuts
